 Dungeon Crawl Stone Soup version 0.27-a0-242-ge0fc76b88b (webtiles) character file.

Game seed: 6748394573027110939

118 dickylongcocking the Chiller (level 5, -11/35 HPs)
             Began as a Human Ice Elementalist on Feb 3, 2021.
             Killed from afar by Ijyb (16 damage)
             ... with an iceblast
             ... on level 3 of the Dungeon.
             The game lasted 00:02:48 (2773 turns).

dickylongcocking the Chiller (HuIE)                 Turns: 2773, Time: 00:02:49

Health: -11/35     AC:  2    Str:  8    XL:     5   Next: 23%
Magic:  10/10      EV: 13    Int: 17    God:
Gold:   116        SH:  0    Dex: 19    Spells: 3/10 levels left

rFire    . . .     SeeInvis .   l - +2 hunting sling (flame)
rCold    . . .     Faith    .   (no shield)
rNeg     . . .     Spirit   .   a - +0 robe
rPois    .         Reflect  .   (no helmet)
rElec    .         Harm     .   (no cloak)
rCorr    .         Rampage  .   (no gloves)
Will     .....                  (no boots)
Stlth    ++........             (no amulet)
HPRegen  0.11/turn              g - +6 ring of dexterity
MPRegen  0.12/turn              (no ring)

@: very slightly contaminated, invisible
A: no striking features
a: no special abilities


You were on level 3 of the Dungeon.
You visited 1 branch of the dungeon, and saw 3 of its levels.

You collected 116 gold pieces.

Inventory:

Hand Weapons
 c - a +0 whip
 l - a +2 hunting sling of flaming (weapon)
Missiles
 m - 7 stones (quivered ammo)
Armour
 a - a +0 robe (worn)
 b - a +0 buckler
Jewellery
 g - a +6 ring of dexterity (left hand)
Scrolls
 f - a scroll of teleportation {unknown}
 h - a scroll of amnesia {unknown}
 i - a scroll of immolation {unknown}
 j - a scroll of identify {unknown}
 o - a scroll of enchant weapon {unknown}
Potions
 d - a potion of berserk rage {unknown}
 e - 4 potions of curing
 n - a potion of attraction {unknown}


   Skills:
 - Level 0.2 Fighting
 - Level 0.2 Maces & Flails
 - Level 2.2 Dodging
 - Level 2.0 Stealth
 * Level 3.3 Spellcasting
 * Level 5.1 Ice Magic


You had 3 spell levels left.
You knew the following spells:

 Your Spells              Type           Power        Failure   Level
a - Freeze                Ice            80%          1%          1
b - Frozen Ramparts       Ice            40%          6%          3
c - Ozocubu's Armour      Ice            20%          6%          3

Your spell library contained the following spells:

 Spells                   Type           Power        Failure   Level
 Hailstorm                Conj/Ice       11%          52%         4
 Summon Ice Beast         Ice/Summ       11%          52%         4


Dungeon Overview and Level Annotations

Branches:
Dungeon (3/15)

Altars:

Annotations:
D:3 Ijyb


Message History

Ijyb shouts!
Fire: 8 stones
Press: ? - help, Q - select action, (/) - cycle Shift-Dir - straight line, f/p - Ijyb
Aim: Ijyb, wielding a +0 dagger, wearing a +0 ring mail and carrying a wand of iceblast (10) (60% to hit)
You shoot a stone. The stone barely misses Ijyb.
Ijyb zaps a wand.
The mass of ice explodes!
The iceblast engulfs you!!
Ouch! That really hurt!
Unknown command.
Unknown command.
It was a potion of curing.
You feel better.
It was a potion of invisibility.
You fade into invisibility!
Ijyb zaps a wand.
The mass of ice explodes!
The iceblast engulfs you!!
Ouch! That really hurt!
* * * LOW HITPOINT WARNING * * *
You are very lightly contaminated with residual magic.
Unknown command.
Unknown command.
Ijyb zaps a wand.
The mass of ice explodes!
The iceblast engulfs you!
You die...

.# #.....((... .#
#.........# .#
#..........
.########......g..#####
.##.................$.#
.†)......##.##..#.....#
......^..##.#.........#
†........##.#...#.....#
.##.##.#)##.....@....(#
.##.............#.#####
.####..>...........# .#
#......##..#.##.#
.##...........).# .#
.###.............#.#
##...####..#....# ##...
...#.#...#
#.####..........


You could see Ijyb.

Vanquished Creatures
  3 gnolls (D:3)
  4 adders
  4 worms
  A dart slug (D:2)
  2 ball pythons
  6 bats
  A giant cockroach (D:3)
  3 goblins
  7 hobgoblins
  2 quokkas
  3 frilled lizards
  A kobold (D:1)
  8 rats
45 creatures vanquished.

Notes
Turn   | Place    | Note
-------+----------+-------------------------------------------
     0 | D:1      | dickylongcocking the Human Ice Elementalist began the quest
                  | for the Orb.
     0 | D:1      | Reached XP level 1. HP: 13/13 MP: 3/3
   236 | D:1      | Reached XP level 2. HP: 18/19 MP: 5/5
  1409 | D:2      | Reached XP level 3. HP: 24/24 MP: 4/6
  2152 | D:2      | Reached XP level 4. HP: 30/30 MP: 6/8
  2563 | D:3      | Learned a level 3 spell: Frozen Ramparts
  2576 | D:3      | Learned a level 3 spell: Ozocubu's Armour
  2586 | D:3      | Noticed Ijyb
  2600 | D:3      | Reached skill level 5 in Ice Magic
  2600 | D:3      | Reached XP level 5. HP: 30/35 MP: 2/9
  2773 | D:3      | Killed from afar by Ijyb

Illustrated notes

Levels and vault maps discovered:
D:1:      saegor_arrival_simple_d, layout_basic
D:2:      layout_basic
D:3:      layout_loops_cross, nzn_wu_jian_contemplation, uniq_ijyb

Skill      XL: |  1  2  3  4 |
---------------+-------------+-----
Spellcasting   | 3 |  3.3
Ice Magic      | 5 |  5.1
Fighting       | |  0.2
Maces & Flails | |  0.2
Dodging        | |  2.2
Stealth        | |  2.0

Action                   |  1- 3 |  4- 6 || total
-------------------------+-------+-------++-------
Melee: Unarmed           |     3 |       ||     3
       Whip              |    18 |       ||    18
 Fire: Hunting sling     |    24 |    27 ||    51
 Cast: Freeze            |    29 |     9 ||    38
       Frozen Ramparts   |       |     2 ||     2
       Ozocubu's Armour  |       |     1 ||     1
  Use: Potion            |       |     2 ||     2
Armor: Robe              |    17 |     1 ||    18
Dodge: Dodged            |    29 |     8 ||    37

Table legend: (Time is in decaauts)
 A = Elapsed time spent in this place.
 B = Non-inter-level travel time spent in this place.
 C = Inter-level travel time spent in this place.
 D = Time resting spent in this place.
 E = Time spent auto-exploring this place.
 F = Levels seen in this place.
 G = Mean time per level.
                   A        B        C        D        E       F      G
               +--------+--------+--------+--------+--------+-----+--------+
         Total |   2784 |   2714 |     70 |    246 |   2141 |   3 |  928.0 |
       Dungeon |   2784 |   2714 |     70 |    246 |   2141 |   3 |  928.0 |
               +--------+--------+--------+--------+--------+-----+--------+

Top non-repeatable levels by time:
     D:1: 1362 daAuts
     D:2: 953 daAuts
     D:3: 468 daAuts
